 Dungeon Crawl Stone Soup version 0.19.1-1-g22dce08 (webtiles) character file.

759 Dolanko the Cudgeler (level 7, 0/44 HPs)
             Began as a Gargoyle Fighter on Jan 5, 2017.
             Killed by divine providence
             ... invoked by an orc priest
              (14 damage)
             ... on level 4 of the Dungeon.
             The game lasted 00:04:13 (2709 turns).

Dolanko the Cudgeler (Gargoyle Fighter)             Turns: 2709, Time: 00:04:14

Health: 0/44       AC: 18    Str: 22    XL:     7   Next: 80%
Magic:  7/7        EV:  6    Int:  8    God:
Gold:   176        SH:  4    Dex:  9    Spells: 0 memorised, 6 levels left

rFire  . . .     SeeInvis .     a - +0 flail
rCold  . . .     Gourm    .     e - +0 plate armour
rNeg   + + .     Faith    .     (no shield)
rPois  ∞         Spirit   .     (no helmet)
rElec  +         Reflect  +     p - +0 cloak
rCorr  .         Harm     .     (no gloves)
MR     .....                    (no boots)
Stlth  ..........               k - +4 amulet of reflection
                                (no ring)
                                u - ring of positive energy

@: no status effects
A: deterioration 1, mutation resistance 1, negative energy resistance 1,
electricity resistance, unbreathing, petrification resistance, rot immunity, AC
+4
a: no special abilities


You were on level 4 of the Dungeon.
You were not hungry.

You visited 1 branch of the dungeon, and saw 4 of its levels.

You collected 176 gold pieces.

Inventory:

Hand Weapons
 a - a +0 flail (weapon)
Armour
 c - a +0 shield
 e - a +0 plate armour (worn)
 p - a +0 cloak (worn)
Jewellery
 k - a +4 amulet of reflection (around neck)
 u - a ring of positive energy (left hand)
Wands
 d - a wand of disintegration (8/24)
 l - a wand of flame (39/48)
Scrolls
 b - a scroll of random uselessness {unknown}
 h - a scroll of magic mapping {unknown}
 i - 2 scrolls of fear {unknown}
 j - a scroll of recharging
 n - 2 scrolls of identify {unknown}
 s - a scroll of immolation {unknown}
 x - a scroll of teleportation
Potions
 o - a potion of haste {unknown}
 q - a potion of brilliance {unknown}
 r - a potion of lignification {unknown}
 t - a potion of resistance {unknown}
Comestibles
 f - 4 bread rations
 g - a meat ration
 v - 7 chunks of flesh


   Skills:
 + Level 5.5 Fighting
 * Level 6.3 Maces & Flails
 + Level 5.5 Armour
 - Level 3.2 Shields


You had 6 spell levels left.
You didn't know any spells.

Dungeon Overview and Level Annotations

Branches:
Dungeon (4/15)
 Temple: D:4-7

Altars:


Innate Abilities, Weirdness & Mutations

You are resistant to torment.
Your stone body is resilient. (AC +4)
You are immune to poison.
You resist negative energy. (rN+)
You are resistant to electric shocks. (rElec)
You can survive without breathing.
You are immune to petrification.
You are immune to rotting.
Your body sometimes deteriorates upon taking damage.
You are somewhat resistant to further mutation.


Message History

You are too injured to fight recklessly!
You are too injured to fight recklessly!
You are too injured to fight recklessly!
You are too injured to fight recklessly!
You are too injured to fight recklessly!
You are too injured to fight recklessly!
You are too injured to fight recklessly!
You are too injured to fight recklessly!
You are too injured to fight recklessly!
You are too injured to fight recklessly!
You are too injured to fight recklessly!
It was a potion of curing.
You feel better. The orc hits you with a flail.
* * * LOW HITPOINT WARNING * * *
You feel better. The orc hits you with a flail.
* * * LOW HITPOINT WARNING * * *
It was a potion of mutation.
You feel extremely strange.
You feel yourself wasting away.
You feel genetically stable.
The orc priest invokes the aid of Beogh against you.
Beogh smites you!
You die...

#.....).#
#######)#
#.# #.# #.#
#.# #.# #.#
#@# #o# #o#
#[# #.#
#.o........#
o.#o....##.#
......... o.
..#.....# ##


You could see an orc priest and an orc.

Vanquished Creatures
  Grinder (D:4)
  Sigmund (D:3)
  Purgy (D:4)
  An orc priest (D:4)
  An orc wizard (D:4)
  Crazy Yiuf (D:2)
  Natasha (twice) (D:3)
  9 adders
  2 oozes (D:3)
  An adder skeleton (D:4)
  A worm (D:2)
  3 dart slugs
  3 leopard geckos
  9 orcs
  A ball python (D:4)
  3 giant cockroaches
  10 goblins
  6 hobgoblins
  A kobold (D:1)
  A quokka (D:2)
  11 bats
  5 frilled lizards
  4 rats
78 creatures vanquished.

Vanquished Creatures (others)
  A kobold (D:3)
1 creature vanquished.

Grand Total: 79 creatures vanquished

Notes
Turn   | Place    | Note
-------+----------+-------------------------------------------
     0 | D:1      | Dolanko the Gargoyle Fighter began the quest for the Orb.
     0 | D:1      | Reached XP level 1. HP: 14/14 MP: 1/1
   148 | D:1      | Reached XP level 2. HP: 12/19 MP: 2/2
   688 | D:1      | Reached XP level 3. HP: 23/23 MP: 3/3
   729 | D:1      | Reached skill level 3 in Maces & Flails
   868 | D:2      | Reached XP level 4. HP: 25/29 MP: 4/4
  1150 | D:2      | Found a runed door.
  1154 | D:2      | Noticed Crazy Yiuf
  1159 | D:2      | Killed Crazy Yiuf
  1159 | D:2      | Reached XP level 5. HP: 23/33 MP: 5/5
  1266 | D:2      | Reached skill level 4 in Maces & Flails
  1555 | D:3      | Noticed Natasha
  1563 | D:3      | Killed Natasha
  1788 | D:3      | Noticed Sigmund
  1809 | D:3      | Killed Sigmund
  1809 | D:3      | Reached skill level 5 in Maces & Flails
  1809 | D:3      | Reached XP level 6. HP: 25/40 MP: 6/6
  2113 | D:3      | Noticed Natasha
  2128 | D:3      | Killed Natasha
  2453 | D:4      | Noticed Purgy
  2467 | D:4      | Killed Purgy
  2467 | D:4      | Reached skill level 5 in Fighting
  2467 | D:4      | Reached skill level 5 in Armour
  2467 | D:4      | Reached XP level 7. HP: 34/44 MP: 7/7
  2469 | D:4      | Noticed Grinder
  2470 | D:4      | Paralysed by Grinder for 3 turns
  2478 | D:4      | Killed Grinder
  2478 | D:4      | Reached skill level 6 in Maces & Flails
  2706 | D:4      | HP: 1/44 [orc priest/divine providence (16)]
  2709 | D:4      | Gained mutation: Your body sometimes deteriorates upon taking damage. [potion of mutation]
  2709 | D:4      | Gained mutation: You are somewhat resistant to further mutation. [potion of mutation]
  2709 | D:4      | Killed from afar by an orc priest

Skill      XL: |  1  2  3  4  5  6  7 |
---------------+----------------------+-----
Maces & Flails | 3 5 6 |  6.3
Armour         | 4 5 |  5.5
Fighting       | 4 5 |  5.5
Shields        | |  3.2

Action                   |  1- 3 |  4- 6 |  7- 9 || total
-------------------------+-------+-------+-------++-------
Melee: Flail             |   148 |   205 |    61 ||   414
  Use: Scroll            |     2 |       |       ||     2
       Potion            |       |     1 |     3 ||     4
  Eat: Chunk             |       |     6 |     1 ||     7
Armor: Plate armour      |   162 |   175 |    32 ||   369
Dodge: Dodged            |    87 |    72 |    15 ||   174
Block: Other             |     2 |    48 |     6 ||    56
       Reflection        |       |     1 |       ||     1
